 Dungeon Crawl Stone Soup version 0.18.1-47-g9310371 (webtiles) character file.

136886 nikopol the Impaler (level 16, -5/219 HPs)
             Began as a Minotaur Berserker on June 13, 2016.
             Was the Champion of Trog.
             Killed from afar by a bog body (44 damage)
             ... with a bolt of cold
             ... on level 3 of the Swamp.
             The game lasted 02:16:00 (34307 turns).

nikopol the Impaler (Minotaur Berserker)           Turns: 34307, Time: 02:16:01

Health: -5/219     AC: 26    Str: 28    XL:     16   Next: 67%
Magic:  0/5        EV: 19    Int:  4    God:    Trog [******]
Gold:   1788       SH:  3    Dex: 16    Spells: 0 memorised, 15 levels left

rFire  + + .     SeeInvis .     x - +6 glaive (antimagic)
rCold  x . .     Gourm    .     K - +0 fire dragon armour
rNeg   + . .     Faith    .     (shield currently unavailable)
rPois  +         Spirit   +     J - +2 hat of the Bear Spirit {Spirit, +Rage rN+ MR++}
rElec  +         Dismiss  .     w - +1 cloak
rCorr  +         Reflect  +     M - +1 pair of gloves "Akoto" {+Blink rElec rCorr}
SustAt .         Harm     .     z - +0 pair of boots
MR     +++..                    r - +3 amulet of reflection
Stlth  ..........               B - +4 ring of protection
                                V - ring of poison resistance

@: berserking, very quick, extremely resistant to hostile enchantments,
extremely unstealthy
A: retaliatory headbutt, horns 2
a: Berserk, Trog's Hand, Brothers in Arms, Burn Spellbooks, Renounce Religion,
Evoke Blink, Evoke Berserk Rage


You were on level 3 of the Swamp.
You worshipped Trog.
Trog was exalted by your worship.
You were not hungry.

You visited 4 branches of the dungeon, and saw 28 of its levels.
You also visited: Ossuary and Ice Cave.

You collected 3064 gold pieces.
You spent 1276 gold pieces at shops.

Inventory:

Hand Weapons
 c - the +8 longbow of Ibry {venom, rC+++}
   (Trog gifted it to you on level 13 of the Dungeon)

   It poisons the ammo it fires.
   It renders you almost immune to cold.
 x - a +6 antimagic glaive (weapon)
Missiles
 d - 849 arrows (quivered)
Armour
 g - a +2 ring mail of magic resistance
 i - a +1 troll leather armour of cold resistance
 w - a +1 cloak (worn)
 z - a +0 pair of boots (worn)
 J - the +2 hat of the Bear Spirit (worn) {Spirit, +Rage rN+ MR++}
   (You bought it in a shop on level 2 of the Orcish Mines)

   It protects you from negative energy.
   It affects your resistance to hostile enchantments.
   It lets you go berserk.
 K - a +0 fire dragon armour (worn)
 M - the +1 pair of gloves "Akoto" (worn) {+Blink rElec rCorr}
   (You acquired it on level 1 of the Lair of Beasts)

   It insulates you from electricity.
   It lets you blink.
   It protects you from acid and corrosion.
Jewellery
 q - an uncursed ring of positive energy
 r - a +3 amulet of reflection (around neck)
 y - an uncursed ring of protection from fire
 B - a +4 ring of protection (right hand)
 N - an uncursed ring of sustain attributes
 P - an uncursed ring of protection from cold
 V - a ring of poison resistance (left hand)
Wands
 s - a wand of digging (14/24)
Scrolls
 h - 2 scrolls of identify
 m - 2 scrolls of enchant weapon
 n - 2 scrolls of enchant armour
 o - 10 scrolls of teleportation
 p - 12 scrolls of fear
 D - a scroll of brand weapon
 E - 6 scrolls of fog
 F - 5 scrolls of blinking
 W - a scroll of silence
 X - 2 scrolls of recharging
 Y - 5 scrolls of remove curse
Potions
 b - 4 potions of flight
 e - 4 potions of heal wounds
 f - 5 potions of ambrosia
 j - 8 potions of curing
 k - 5 potions of berserk rage
 t - 2 potions of resistance
 u - 3 potions of cure mutation
 v - a potion of invisibility
 A - 8 potions of haste
 H - 3 potions of might
 I - 5 potions of agility
 R - 4 potions of brilliance
Miscellaneous
 L - a phial of floods
Comestibles
 a - 3 chunks of flesh
 l - 14 meat rations
 C - 56 fruits
 G - 20 bread rations
 Q - 9 beef jerkies
 Z - 3 slices of pizza


   Skills:
 + Level 14.2 Fighting
 * Level 18.4 Polearms
 * Level 16.7 Bows
 + Level 14.1 Armour
 + Level 13.2 Dodging


You had 15 spell levels left.
You didn't know any spells.

Dungeon Overview and Level Annotations

Branches:
Dungeon (15/15)            Temple (0/1) D:4            Lair (8/8) D:10
  Swamp (3/4) Lair:3       Spider (0/4) Lair:4        Slime (0/6) Lair:8
    Orc (2/2) D:10            Elf (0/3) Orc:2        Vaults (0/5) D:14
 Depths (0/5) D:15

Altars:
Ashenzari
Cheibriados
Elyvilon
Fedhas
Gozag
Makhleb
Nemelex Xobeh
Pakellas
Qazlal
Ru
Sif Muna
Trog
Vehumet
Xom
Yredelemnul
Zin
Beogh

Shops:
D:7 ?   D:8 [   D:9 =   Orc:2 ([[*[


Innate Abilities, Weirdness & Mutations

You reflexively headbutt those who attack you in melee.
You have a pair of horns on your head.


Message History

The vampire mosquito closely misses you.
The swamp drake closely misses you.
You cut the swamp drake into ribbons!!!
You feel the power of Trog in you as your rage grows.
You kill the swamp drake!
Trog accepts your kill.
The vampire mosquito completely misses you.
You closely miss the vampire mosquito.
Your headbutt misses the vampire mosquito.
The vampire mosquito is lightly damaged.
The vampire mosquito bites you but does no damage.
You closely miss the vampire mosquito.
Your headbutt misses the vampire mosquito.
The vampire mosquito is lightly damaged.
You block the vampire mosquito's attack.
You slice the vampire mosquito!!
You destroy the vampire mosquito!
The bog body points at you and mumbles some strange words.
The bolt of cold hits you!
You feel a terrible chill!
You die...

♣♣≈≈≈≈..≈.≈ ≈≈..
♣≈≈≈≈....≈ ≈≈≈≈
♣♣.≈≈....≈ ≈≈.≈≈
♣..≈≈≈≈. ≈≈.≈≈
♣♣♣♣♣♣♣♣♣♣.≈≈≈≈. ≈≈n≈≈.
♣♣.≈.♣...≈♣≈≈≈..≈
...≈♣♣.≈≈.♣≈≈.♣.....≈♣
♣§§.≈≈≈.≈..§♣....♣♣♣
♣((@≈≈≈...≈≈≈...†♣
♣.≈†♣.≈.♣..≈≈≈≈≈.≈♣
.(≈(.♣♣♣..♣♣♣.≈≈≈≈≈.♣♣♣♣
≈≈♣§ ♣♣♣♣ ♣.§≈.≈.≈...♣ ≈
♣ ♣♣...≈..≈≈.≈
♣♣≈♣♣....♣♣ ♣♣♣♣.≈♣♣♣
♣≈≈≈♣♣ ♣.≈♣♣


You could see a bog body.

Vanquished Creatures
  An Ice Fiend (IceCv)
  A thorn hunter (Swamp:2)
  An orc warlord (Orc:2)
  Maud (D:14)
  A stone giant (D:14)
  Nessos (D:15)
  A dire elephant (D:15)
  Snorg (Lair:6)
  The ghost of Malvoorn the Brawler, a journeyman TrMo of Jiyva (Lair:6)
  A vault guard (D:14)
  A yaktaur captain (D:10)
  Harold (Lair:4)
  A ghost crab (Swamp:2)
  A rakshasa (D:10)
  A catoblepas (Lair:8)
  Erica (D:11)
  Erolcha (D:11)
  14 hydras
  A death yak (Lair:8)
  3 centaur warriors
  An alligator (Swamp:1)
  An ogre mage (D:15)
  2 tengu warriors (D:15)
  The ghost of Typee the Geomancer, a journeyman OpVM of Sif Muna (Lair:1)
  Urug (D:13)
  Nergalle (Lair:1)
  Sonja (Lair:2)
  3 unseen horrors
  6 hill giants
  A flayed ghost (D:10)
  2 swamp dragons (Swamp:1)
  A shambling mangrove (Swamp:3)
  A lindwurm (Lair:7)
  A wolf spider (D:15)
  2 deep elf magi
  4 orc knights
  A harpy (shapeshifter) (D:14)
  3 griffons
  2 orc sorcerers
  3 cyclopes
  4 manticores
  A salamander (D:15)
  A hornet (Swamp:1)
  An oklob plant (D:3)
  2 ice statues (IceCv)
  16 elephants
  Maurice (D:12)
  A torpor snail (Lair:8)
  5 black mambas
  18 spiny frogs
  11 komodo dragons
  3 kobold demonologists
  3 rime drakes
  14 ice devils (IceCv)
  A tengu conjurer (D:15)
  2 spriggan druids (Lair:8)
  4 trolls
  8 polar bears
  7 bog bodies
  7 two-headed ogres
  10 slime creatures
  36 blink frogs
  2 boulder beetles (Lair:8)
  18 spriggans
  2 shadows (D:14)
  A wraith (D:9)
  6 redbacks
  60 yaks
  3 wyverns
  A vampire (D:15)
  Grum (D:11)
  A basilisk (Lair:7)
  A hungry ghost (D:8)
  16 vampire mosquitoes
  9 hippogriffs
  Edmund (D:5)
  A warg (shapeshifter) (D:15)
  14 swamp worms
  16 wargs
  14 insubstantial wisps (Swamp:1)
  A soldier ant (D:11)
  The ghost of Typee the Stinger, an amateur OpVM (D:3)
  A soldier ant (shapeshifter) (D:14)
  19 water moccasins
  11 porcupines
  6 swamp drakes
  12 ice beasts
  3 sky beasts
  A black bear (shapeshifter) (D:14)
  10 black bears
  32 orc warriors
  An eye of draining (D:14)
  7 necrophages
  14 wasps
  14 ogres
  A phantom (D:9)
  25 wolves
  22 centaurs
  14 crocodiles
  3 big kobolds
  A gnoll sergeant (D:6)
  32 giant frogs
  A wyvern zombie (D:9)
  A water moccasin skeleton (D:7)
  14 scorpions
  14 wights
  3 electric eels
  15 howler monkeys
  15 crimson imps
  4 jellies
  A giant frog zombie (D:10)
  7 centaur zombies
  11 hounds
  3 human zombies
  Crazy Yiuf (D:3)
  4 centaur skeletons
  22 orc priests
  A giant frog skeleton (D:9)
  4 iguanas
  Terence (D:3)
  2 human skeletons (D:9)
  9 worker ants
  9 hell rats (Lair:6)
  27 orc wizards
  A statue (D:8)
  2 killer bee zombies (D:7)
  30 sheep
  A big kobold zombie (Ossuary)
  2 hound zombies
  2 hound skeletons (D:4)
  5 mummies
  2 worker ant zombies
  8 adders
  5 gnolls (D:6)
  A howler monkey skeleton (D:10)
  86 river rats
  3 scorpion zombies (Ossuary)
  A shadow imp (D:13)
  8 white imps (IceCv)
  7 ufetubi (IceCv)
  An ooze (D:3)
  3 adder skeletons
  2 worms (D:4)
  5 giant geckos
  125 orcs
  12 bats
  7 giant cockroaches
  9 goblins
  6 hobgoblins
  6 jackals
  25 kobolds
  8 quokkas
  2 ball pythons
  2 giant gecko skeletons
  4 giant newts
  3 goblin zombies (Ossuary)
  A kobold zombie (Ossuary)
  2 orc skeletons (D:9)
  4 orc zombies
  23 rats
  A bush (Lair:6)
  3 fungi
  4 plants
1218 creatures vanquished.

Vanquished Creatures (collateral kills)
  A basilisk (Lair:2)
1 creature vanquished.

Vanquished Creatures (others)
  A centaur warrior (D:15)
  A wizard (D:14)
  2 centaurs
  A wight (D:10)
  2 ufetubi (IceCv)
  An orc (D:11)
  44 fungi
  12 plants
64 creatures vanquished.

Grand Total: 1283 creatures vanquished

Notes
Turn   | Place    | Note
--------------------------------------------------------------
     0 | D:1      | nikopol the Minotaur Berserker began the quest for the Orb.
     0 | D:1      | Reached XP level 1. HP: 19/19 MP: 0/0
   260 | D:1      | Reached XP level 2. HP: 27/27 MP: 1/1
   594 | D:2      | Reached skill level 4 in Polearms
   684 | D:2      | Reached XP level 3. HP: 32/33 MP: 2/2
  1318 | D:3      | Noticed Terence
  1324 | D:3      | Killed Terence
  1330 | D:3      | Reached XP level 4. HP: 40/40 MP: 3/3
  1432 | D:3      | Reached ** piety under Trog
  1631 | D:3      | Noticed Typee's ghost (amateur OpVM)
  1641 | D:3      | Killed Typee's ghost
  1641 | D:3      | Reached XP level 5. HP: 40/47 MP: 4/4
  1900 | D:2      | Found a radiant altar of Vehumet.
  1935 | D:3      | Reached skill level 5 in Fighting
  1939 | D:3      | Found a sparkling altar of Nemelex Xobeh.
  1946 | D:3      | Found a snail-covered altar of Cheibriados.
  2179 | D:3      | Found a blossoming altar of Fedhas.
  2197 | D:3      | Noticed an oklob plant
  2414 | D:3      | Noticed Crazy Yiuf
  2420 | D:3      | Killed Crazy Yiuf
  2420 | D:3      | Reached skill level 5 in Polearms
  2558 | D:4      | Reached XP level 6. HP: 56/56 MP: 5/5
  2584 | D:4      | Found a deep blue altar of Sif Muna.
  2626 | D:4      | Found a staircase to the Ecumenical Temple.
  2643 | D:4      | Noticed a sky beast
  2665 | D:4      | Killed a sky beast
  2863 | D:4      | Found a glowing silver altar of Zin.
  2991 | D:4      | Reached XP level 7. HP: 61/62 MP: 6/6
  3111 | D:4      | Reached skill level 5 in Dodging
  3173 | D:5      | Entered Level 5 of the Dungeon
  3175 | D:5      | Found a shattered altar of Ashenzari.
  3322 | D:5      | Noticed Edmund
  3331 | D:5      | Killed Edmund
  3331 | D:5      | Reached skill level 5 in Armour
  3478 | D:5      | Reached skill level 6 in Polearms
  3797 | D:5      | Reached *** piety under Trog
  3919 | D:5      | Reached XP level 8. HP: 69/71 MP: 7/7
  3929 | D:5      | Reached skill level 1 in Bows
  4193 | D:6      | Found a white marble altar of Elyvilon.
  4241 | D:6      | Reached skill level 7 in Polearms
  4336 | D:6      | Found a sand-covered staircase.
  4342 | Ossuary  | Entered an ossuary
  4611 | Ossuary  | Reached skill level 8 in Polearms
  4616 | Ossuary  | Reached XP level 9. HP: 59/79 MP: 8/8
  5727 | D:6      | Got a transparent shortbow
  5728 | D:6      | Identified the +4 shortbow of the Thing {velocity, +Fly rF- Str+4} (You found it on level 6 of the Dungeon)
  5898 | D:7      | Reached skill level 5 in Bows
  5916 | D:7      | Reached **** piety under Trog
  6264 | D:7      | Found Ylittoq's Magic Scroll Emporium.
  6371 | D:7      | Found a radiant altar of Vehumet.
  6463 | D:7      | Reached skill level 9 in Polearms
  6561 | D:8      | Found a shimmering altar of Xom.
  6561 | D:8      | Found a burning altar of Makhleb.
  7183 | D:8      | Reached XP level 10. HP: 90/90 MP: 9/9
  7354 | D:8      | Reached skill level 10 in Polearms
  7356 | D:8      | Reached ***** piety under Trog
  7569 | D:8      | Found a shimmering altar of Xom.
  7728 | D:8      | Found Pemealec's Armour Shop.
  7785 | D:8      | Found a radiant altar of Vehumet.
  8072 | D:3      | Killed an oklob plant
  8397 | D:8      | Found a sacrificial altar of Ru.
  8947 | D:9      | Received a gift from Trog
  9062 | D:9      | Found Dubi's Jewellery Boutique.
  9120 | D:9      | Found a basalt altar of Yredelemnul.
  9439 | D:9      | Found an opulent altar of Gozag.
  9439 | D:9      | Found a bloodstained altar of Trog.
  9440 | D:9      | Found a stormy altar of Qazlal.
  9524 | D:10     | Entered Level 10 of the Dungeon
  9570 | D:10     | Found an oddly glowing altar of Pakellas.
  9661 | D:10     | Reached skill level 11 in Polearms
  9736 | D:10     | Found a staircase to the Lair.
  9777 | D:10     | Found a staircase to the Orcish Mines.
  9999 | D:10     | Noticed a hill giant
 10012 | D:10     | Killed a hill giant
 10012 | D:10     | Reached XP level 11. HP: 18/96 MP: 10/10
 10041 | D:10     | Received a gift from Trog
 10603 | Lair:1   | Entered Level 1 of the Lair of Beasts
 10949 | Lair:1   | Identified a scroll of acquirement
 10950 | Lair:1   | Got a pair of ancient gloves
 10961 | Lair:1   | Identified the +1 pair of gloves "Akoto" {+Blink rElec rCorr} (You acquired it on level 1 of the Lair of Beasts)
 11007 | Lair:1   | Received a gift from Trog
 11098 | Lair:1   | Noticed Typee's ghost (journeyman OpVM)
 11135 | Lair:1   | Killed Typee's ghost
 11701 | Lair:1   | Noticed Nergalle
 11714 | Lair:1   | Killed Nergalle
 11714 | Lair:1   | Reached skill level 12 in Polearms
 12059 | Lair:1   | Found a sacrificial altar of Ru.
 12084 | Lair:1   | Reached skill level 10 in Bows
 12158 | Lair:1   | Noticed a six-headed hydra
 12167 | Lair:1   | Killed an eight-headed hydra
 12226 | Lair:1   | Received a gift from Trog
 12339 | Lair:1   | Reached skill level 10 in Fighting
 12666 | Lair:2   | Reached XP level 12. HP: 105/106 MP: 11/11
 12944 | Lair:2   | Reached skill level 10 in Armour
 13183 | Lair:2   | Noticed Sonja
 13193 | Lair:2   | Killed Sonja
 13199 | Lair:2   | Received a gift from Trog
 13365 | Lair:2   | Reached skill level 13 in Polearms
 14096 | Lair:3   | Reached skill level 10 in Dodging
 14117 | Lair:3   | Received a gift from Trog
 14205 | Lair:3   | Found a staircase to the Swamp.
 14630 | Lair:4   | Reached ****** piety under Trog
 15051 | Lair:4   | Received a gift from Trog
 15064 | Lair:4   | Reached XP level 13. HP: 91/115 MP: 12/12
 15098 | Lair:4   | Noticed Harold
 15120 | Lair:4   | Killed Harold
 15769 | Lair:4   | Found a hole to the Spider Nest.
 15780 | Lair:4   | Reached skill level 14 in Polearms
 16219 | Lair:5   | Received a gift from Trog
 16731 | Lair:5   | Received a gift from Trog
 16907 | Lair:6   | Noticed Malvoorn's ghost (journeyman TrMo)
 16919 | Lair:6   | Killed Malvoorn's ghost
 17752 | Lair:6   | Noticed Snorg
 17759 | Lair:6   | Killed Snorg
 18171 | Lair:7   | Received a gift from Trog
 18185 | Lair:7   | Reached skill level 15 in Polearms
 18395 | Lair:7   | Received a gift from Trog
 18765 | Lair:7   | Received a gift from Trog
 18770 | Lair:7   | Got a pitted shortbow {god gift}
 18771 | Lair:7   | Identified the +8 shortbow "Jaimys" {flame, +Inv +Fly Dex-3 Stlth+} (Trog gifted it to you on level 7 of the Lair of Beasts)
 18837 | Lair:7   | Reached XP level 14. HP: 99/125 MP: 4/13
 19231 | Lair:8   | Entered Level 8 of the Lair of Beasts
 20055 | Lair:8   | Received a gift from Trog
 20183 | Lair:8   | Found a staircase to the Slime Pits.
 21243 | Lair:8   | Reached skill level 16 in Polearms
 21342 | Lair:8   | Received a gift from Trog
 21499 | Lair:8   | Identified the Incunabulum of Poison and Enhancements
 21853 | Orc:1    | Entered Level 1 of the Orcish Mines
 21992 | Orc:1    | Received a gift from Trog
 22353 | Orc:2    | Entered Level 2 of the Orcish Mines
 22458 | Orc:2    | Received a gift from Trog
 22586 | Orc:2    | Found Quixkeol's Antique Armour Emporium.
 22606 | Orc:2    | Found a staircase to the Elven Halls.
 22662 | Orc:2    | Received a gift from Trog
 22902 | Orc:2    | Found a roughly hewn altar of Beogh.
 22902 | Orc:2    | Found Mosunty's Armour Boutique.
 22976 | Orc:2    | Found a roughly hewn altar of Beogh.
 23103 | Orc:2    | Noticed an orc warlord
 23117 | Orc:2    | Killed an orc warlord
 23151 | Orc:2    | Received a gift from Trog
 23172 | Orc:2    | Found Yxuest's Antique Weapon Boutique.
 23175 | Orc:2    | Found a roughly hewn altar of Beogh.
 23183 | Orc:2    | Found Utog Lao's Antique Armour Shop.
 23202 | Orc:2    | Bought the +2 hat of the Bear Spirit {Spirit, +Rage rN+ MR++} for 1016 gold pieces
 23256 | Orc:2    | Found a roughly hewn altar of Beogh.
 23268 | Orc:2    | Found Bel Jost's General Store.
 23460 | Orc:2    | Received a gift from Trog
 23724 | D:11     | Noticed Erolcha
 23732 | D:11     | Killed Erolcha
 23858 | D:11     | Reached XP level 15. HP: 134/134 MP: 14/14
 24345 | D:11     | Received a gift from Trog
 24733 | D:11     | Received a gift from Trog
 24895 | D:11     | Noticed Erica
 24903 | D:11     | Noticed Grum
 24912 | D:11     | Killed Erica
 24927 | D:11     | Killed Grum
 26249 | D:12     | Received a gift from Trog
 26335 | D:12     | Reached skill level 15 in Bows
 26602 | D:12     | Reached skill level 17 in Polearms
 27030 | D:12     | Noticed Maurice
 27040 | D:12     | Killed Maurice
 27755 | D:13     | Noticed Urug
 27779 | D:13     | Killed Urug
 27916 | D:13     | Received a gift from Trog
 27927 | D:13     | Got a warped longbow {god gift}
 27933 | D:13     | Identified the +8 longbow of Ibry {venom, rC+++} (Trog gifted it to you on level 13 of the Dungeon)
 28249 | D:14     | Found a bloodstained altar of Trog.
 28761 | D:14     | Found a gate to the Vaults.
 28771 | D:14     | Got a sparkling platinum ring
 28773 | D:14     | Identified the ring of Johikez {*Confuse rC+ Str+3 Dex+2} (You found it on level 14 of the Dungeon)
 28978 | D:14     | Noticed Maud
 28988 | D:14     | Killed Maud
 29332 | D:15     | Entered Level 15 of the Dungeon
 30024 | D:15     | Noticed Nessos
 30035 | D:15     | Killed Nessos
 30276 | D:15     | Reached XP level 16. HP: 129/145 MP: 8/15
 30377 | D:15     | Received a gift from Trog
 30395 | D:15     | Found a staircase to the Depths.
 30937 | D:9      | Bought an uncursed ring of poison resistance for 260 gold pieces
 31150 | Swamp:1  | Entered Level 1 of the Swamp
 31412 | Swamp:1  | Found a frozen archway.
 31434 | IceCv    | Entered an ice cave
 31835 | IceCv    | Noticed an Ice Fiend
 31850 | IceCv    | Killed an Ice Fiend
 31850 | IceCv    | Reached skill level 18 in Polearms
 31864 | IceCv    | HP: 2/219 [ice devil (13)]
 32530 | Swamp:1  | Received a gift from Trog
 33399 | Swamp:2  | Noticed a thorn hunter
 33410 | Swamp:2  | Killed a thorn hunter
 33623 | Swamp:2  | Received a gift from Trog
 34303 | Swamp:3  | Received a gift from Trog
 34307 | Swamp:3  | Killed from afar by a bog body

Skill      XL: |  1  2  3  4  5  6  7  8  9 10 11 12 13 14 15 16 |
---------------+-------------------------------------------------+-----
Fighting       | 4 5 6 7 8 9 10 11 12 13 14 | 14.2
Polearms       | 4 5 6 8 9 11 12 13 15 16 17 18 | 18.4
Armour         | 3 4 5 6 7 8 9 10 11 12 13 14 | 14.1
Dodging        | 3 4 5 6 7 8 9 10 11 12 13 | 13.2
Bows           | 4 6 8 10 11 13 14 15 16 | 16.7

Action                   |  1- 3 |  4- 6 |  7- 9 | 10-12 | 13-15 | 16-18 || total
-------------------------+-------+-------+-------+-------+-------+-------++-------
Melee: Spear             |    72 |   141 |    28 |       |       |       ||   241
       Headbutt          |     9 |    30 |    62 |    90 |   178 |    82 ||   451
       Trident           |       |       |   274 |    30 |       |       ||   304
       Halberd           |       |       |       |   429 |     5 |       ||   434
       Glaive            |       |       |       |       |   859 |   293 ||  1152
 Fire: Shortbow          |       |       |   164 |   413 |  1233 |       ||  1810
       Longbow           |       |       |       |       |   118 |   202 ||   320
Invok: Berserk           |     1 |     2 |     2 |     6 |     9 |     3 ||    23
       Trog's Hand       |       |     1 |       |       |       |     2 ||     3
       Burn Spellbooks   |       |       |     3 |     5 |     5 |     1 ||    14
       Brothers in Arms  |       |       |       |     1 |       |       ||     1
  Use: Scroll            |       |       |    19 |    10 |     9 |     5 ||    43
       Potion            |       |       |       |     1 |       |     1 ||     2
  Eat: Chunk             |     1 |     7 |     7 |    28 |    56 |    10 ||   109
       Beef jerky        |       |     1 |       |     1 |       |       ||     2
       Bread ration      |       |       |     2 |       |       |       ||     2
       Fruit             |       |       |       |     2 |       |       ||     2
       Pizza             |       |       |       |     1 |       |     2 ||     3
       Royal jelly       |       |       |       |       |       |     1 ||     1
Armor: Ring mail         |    16 |    42 |    46 |       |       |       ||   104
       Fire dragon armou |       |       |    42 |       |   342 |   140 ||   524
       Chain mail        |       |       |     4 |   245 |   117 |       ||   366
Dodge: Dodged            |    23 |    41 |   138 |   263 |   634 |   234 ||  1333
Block: Other             |       |     2 |    25 |    53 |    89 |    30 ||   199
       Reflection        |       |       |     2 |     8 |     6 |     2 ||    18
